 Dungeon Crawl Stone Soup version 0.28-a0-1227-ga9037bb4c8 (webtiles) character file.

Game seed: 16921015803761842280

1395 flotson the Chopper (level 8, -2/61 HPs)
             Began as a Demonspawn Gladiator on Dec 23, 2021.
             Slain by a scorpion (8 damage)
             ... on level 5 of the Dungeon.
             The game lasted 00:08:15 (5960 turns).

flotson the Chopper (Demonspawn Gladiator)          Turns: 5960, Time: 00:08:16

Health: -2/61      AC:  5    Str: 16    XL:     8   Next: 41%
Magic:  8/8        EV: 14    Int: 12    God:
Gold:   218        SH:  4    Dex: 15    Spells: 7/7 levels left

rFire   + . .      SeeInvis .   n - +6 club (spect)
rCold   . . .      Faith    .   (no shield)
rNeg    . . .      Spirit   .   u - +2 robe {rF+}
rPois   .          Reflect  .   c - +0 helmet
rElec   .          Harm     .   (no cloak)
rCorr   .          Rampage  .   (no gloves)
Will    ++...                   (no boots)
Stlth   +.........              (no amulet)
HPRegen 0.20/turn               r - ring of willpower
MPRegen 0.11/turn               s - ring of willpower

@: no status effects
A: claws 1, powered by pain 1, big brain 1, condensation shield
a: no special abilities


You were on level 5 of the Dungeon.
You visited 1 branch of the dungeon, and saw 5 of its levels.
You also visited: Ossuary.

You collected 218 gold pieces.

Inventory:

Hand Weapons
 a - a +0 war axe
 n - a +6 spectral club (weapon)
Missiles
 d - 4 throwing nets (quivered)
 p - 14 poisoned darts
 q - 2 boomerangs
Armour
 c - a +0 helmet (worn)
 u - a +2 robe of fire resistance (worn)
Jewellery
 r - a ring of willpower (left claw)
 s - a ring of willpower (right claw)
Wands
 v - a wand of acid (3)
Scrolls
 e - 2 scrolls of vulnerability {unknown}
 f - 3 scrolls of noise {unknown}
 h - 2 scrolls of immolation {unknown}
 i - 5 scrolls of identify {unknown}
 m - 3 scrolls of blinking {unknown}
 x - a scroll of fog {unknown}
 y - a scroll of teleportation {unknown}
 A - 3 scrolls of magic mapping {unknown}
 G - a scroll of enchant weapon {unknown}
 H - a scroll of enchant armour {unknown}
 I - a scroll of torment {unknown}
Potions
 b - a potion of attraction {unknown}
 g - a potion of flight {unknown}
 j - a potion of heal wounds {unknown}
 k - 3 potions of curing {unknown}
 l - 3 potions of berserk rage {unknown}
 o - 7 potions of might {unknown}
 t - a potion of ambrosia {unknown}
 w - 2 potions of magic {unknown}
 z - 2 potions of lignification {unknown}
 B - 3 potions of brilliance {unknown}
 C - a potion of cancellation {unknown}
 D - a potion of invisibility {unknown}
 E - a potion of mutation {unknown}
 F - a potion of degeneration {unknown}


   Skills:
 + Level 4.8 Fighting
 + Level 4.8 Axes
 + Level 4.3 Throwing
 + Level 3.8 Armour
 + Level 4.8 Dodging
 + Level 2.6 Evocations


You had 7 spell levels left.
You didn't know any spells.
Your spell library contained the following spells:

 Spells                   Type           Power      Damage    Failure   Level
 Sting                    Tmut/Pois      0%         1d3       32%         1
 Poisonous Vapours        Pois/Air       0%         N/A       45%         2
 Olgreb's Toxic Radiance  Pois           0%         N/A       97%         4


Dungeon Overview and Level Annotations

Branches:
Dungeon (5/15)            Ossuary (visited)
 Temple: D:4-7

Altars:
Ashenzari
Makhleb
Ru
Xom

Shops:
D:2 (


Innate Abilities, Weirdness & Mutations

You have sharp fingernails.
You sometimes gain a little power by taking damage.
You have an unusually large brain. (Int +2)
A meltable shield of frost defends you. (SH +4)


Message History

The sky beast misses you.
The sky beast hits you but does no damage.
You sock the sky beast!
The sky beast is severely wounded.
The sky beast hits you. The sky beast shocks you.
You hit the sky beast but do no damage.
The sky beast is severely wounded.
The sky beast barely misses you.
You miss the sky beast.
The sky beast is severely wounded.
The sky beast barely misses you.
You hit the sky beast.
The sky beast is severely wounded.
The sky beast hits you but does no damage.
You hit the sky beast but do no damage.
The sky beast is severely wounded.
The sky beast flickers out of sight!
Deactivating autopickup; reactivate with Ctrl-A.
Something hits you. Something shocks you.
You are too injured to fight recklessly!
You are too injured to fight recklessly!
You are too injured to fight recklessly!
You are too injured to fight recklessly!
You hit something but do no damage. Something hits you. Something shocks you.
You hit something but do no damage. Something hits you.
* * * LOW HITPOINT WARNING * * *
Something shocks you.
* * * LOW HITPOINT WARNING * * *
Something hits you but does no damage.
You closely miss something. Something hits you.
* * * LOW HITPOINT WARNING * * *
Something shocks you.
* * * LOW HITPOINT WARNING * * *
A scorpion comes into view.
The hound skeleton barely misses you. You block the hound skeleton's attack.
A sky beast appears from thin air!
Reactivating autopickup.
The hound skeleton barely misses you. The scorpion stings you!
You die...

.###..## ######## ##(##..#
#......+ #...##.# #......#
##.##..#####......######+#####
.##'...'..............#.......
..#....########.#####........#
#...#### #<# ##.......#.#
######################..######.#
................@s.............Z
#################ZY............
## #........#..Z# .#
#......#.#...# .# #......#..##.#
.# #######.##.#..# .#
#.......##....# .#
#.###.#.##....# ##
#.#.#.#.##....#


You could see a sky beast, a scorpion and a hound skeleton.

Vanquished Creatures
  Sigmund (D:4)
  2 hornet zombies (Ossuary)
  A black bear (D:4)
  An ogre (D:4)
  A wyvern zombie (Ossuary)
  2 water moccasin zombies (Ossuary)
  3 bullfrog zombies (Ossuary)
  3 centaur zombies (Ossuary)
  Jessica (D:2)
  15 mummies (Ossuary)
  3 killer bee zombies (Ossuary)
  3 gnolls (D:3)
  4 adders
  An ufetubus (D:5)
  A dart slug (D:4)
  3 orcs
  5 bats
  5 endoplasms
  4 giant cockroaches (D:2)
  3 goblins
  6 hobgoblins
  4 kobolds
  3 quokkas
  8 ball pythons
  7 frilled lizards
  8 rats
98 creatures vanquished.

Vanquished Creatures (others)
  6 withered plants (Ossuary)
6 creatures vanquished.

Grand Total: 104 creatures vanquished

Notes
Turn   | Place    | Note
-------+----------+-------------------------------------------
     0 | D:1      | flotson the Demonspawn Gladiator began the quest for the
                  | Orb.
     0 | D:1      | Reached XP level 1. HP: 16/16 MP: 1/1
   328 | D:1      | Found a faded altar of an unknown god.
   364 | D:1      | Gained mutation: A meltable shield of frost defends you.
                  | (SH +4) [demonic ancestry]
   364 | D:1      | Reached XP level 2. HP: 21/22 MP: 2/2
   654 | D:2      | Found a sacrificial altar of Ru.
   771 | D:2      | Found Naizewix's Antique Weapon Boutique.
  1261 | D:2      | Gained mutation: You have sharp fingernails. [demonic
                  | ancestry]
  1261 | D:2      | Reached XP level 3. HP: 21/28 MP: 3/3
  1342 | D:2      | Noticed Jessica
  1639 | D:2      | Killed Jessica
  1640 | D:2      | Reached skill level 1 in Armour
  1722 | D:2      | Reached XP level 4. HP: 34/34 MP: 4/4
  3164 | D:4      | Noticed an ogre
  3169 | D:4      | Killed an ogre
  3170 | D:4      | Gained mutation: You have an unusually large brain. (Int
                  | +2) [demonic ancestry]
  3170 | D:4      | Reached XP level 5. HP: 41/41 MP: 5/5
  3476 | D:4      | Noticed a black bear
  3477 | D:4      | Found a shimmering altar of Xom.
  3477 | D:4      | Found a burning altar of Makhleb.
  3479 | D:4      | Found a broken altar of Ashenzari.
  3479 | D:4      | Found a basalt altar of Yredelemnul.
  3483 | D:4      | Killed a black bear
  3484 | D:4      | Gained mutation: You sometimes gain a little power by
                  | taking damage. [demonic ancestry]
  3484 | D:4      | Reached XP level 6. HP: 25/47 MP: 6/6
  3795 | D:4      | Noticed Sigmund
  3810 | D:4      | Killed Sigmund
  4425 | D:5      | Entered Level 5 of the Dungeon
  4519 | D:5      | Found a sand-covered staircase.
  4523 | Ossuary  | Entered an ossuary
  4536 | Ossuary  | Reached XP level 7. HP: 53/53 MP: 7/7
  4578 | Ossuary  | Reached skill level 1 in Evocations
  4881 | Ossuary  | Reached XP level 8. HP: 14/61 MP: 8/8
  5947 | D:5      | HP: 3/61 [something (5)]
  5960 | D:5      | Slain by a scorpion

Illustrated notes

Levels and vault maps discovered:
D:1:      psy_arrival_spokes, layout_rooms, nicolae_ecumenical_snake_handling,
          minivault_24
D:2:      kb_forest_paths, layout_basic, serial_shops, nicolae_shop_stone,
          basic_altar, uniq_jessica
D:3:      layout_basic, minmay_misc_feat_tiny
D:4:      layout_loops_corners, doesnt_xom_only_xom,
          hangedman_abyss_or_decor_slice, uniq_sigmund
D:5:      layout_basic, jmf_multi_god_temple, minmay_temple_entry_large_hall,
          enter_ossuary_5

Skill      XL: |  1  2  3  4  5  6  7  8 |
---------------+-------------------------+-----
Throwing       | 2 3 4 |  4.3
Axes           | 3 4 |  4.8
Armour         | 1 2 3 |  3.8
Dodging        | 3 4 |  4.8
Fighting       | 3 4 |  4.8
Evocations     | 1 2 |  2.6

Action                   |  1- 3 |  4- 6 |  7- 9 || total
-------------------------+-------+-------+-------++-------
Melee: War axe           |    74 |       |       ||    74
       Club              |     1 |    84 |   134 ||   219
Throw: Throwing net      |       |     1 |       ||     1
 Stab: Distracted        |       |     1 |     1 ||     2
       Sleeping          |       |     2 |       ||     2
Armor: Leather armour    |    12 |    11 |       ||    23
       Robe              |       |     4 |    28 ||    32
Dodge: Dodged            |    47 |    44 |    74 ||   165
Block: Other             |    15 |    15 |    15 ||    45

Table legend: (Time is in decaauts)
 A = Elapsed time spent in this place.
 B = Non-inter-level travel time spent in this place.
 C = Inter-level travel time spent in this place.
 D = Time resting spent in this place.
 E = Time spent auto-exploring this place.
 F = Levels seen in this place.
 G = Mean time per level.
                   A        B        C        D        E       F      G
               +--------+--------+--------+--------+--------+-----+--------+
         Total |   6059 |   5941 |    118 |    495 |   4585 |   6 | 1009.8 |
       Dungeon |   4741 |   4623 |    118 |      0 |   4033 |   5 |  948.2 |
       Ossuary |   1317 |   1317 |      0 |    495 |    552 |   1 | 1317.0 |
               +--------+--------+--------+--------+--------+-----+--------+

Top non-repeatable levels by time:
     D:2: 1386 daAuts
 Ossuary: 1317 daAuts
     D:4: 1315 daAuts
     D:1: 905 daAuts
     D:3: 859 daAuts
     D:5: 275 daAuts
